 Dungeon Crawl Stone Soup version 0.31-a0-229-g1fc7ce93e2 (webtiles) character file.

Game seed: 8603638330638598232

570551 protoss039 the Slayer (level 26, -4/295 (312) HPs)
             Began as a Demonspawn Earth Elementalist on July 6, 2023.
             Was the Champion of Vehumet.
             Killed from afar by a golden dragon (20 damage)
             ... with a bolt of cold
             ... on level 4 of the Vaults on July 7, 2023.
             The game lasted 04:57:09 (69565 turns).

protoss039 the Slayer (DsEE)                       Turns: 69565, Time: 04:57:11

HP:   -4/295 (312)  AC: 33    Str: 12    XL:     26   Next: 11%
MP:   0/47          EV: 12    Int: 30    God:    Vehumet [******]
Gold: 3151          SH: 18    Dex: 19    Spells: 15/66 levels left

rFire   + . .        j - +6 long sword of a volcano {freeze, rPois rC+ Will+}
rCold   . . .        d - +4 kite shield {reflect}
rNeg    + + .        s - melded +1 ring mail "Unesh" {*Slow rElec rPois Int+9}
rPois   ∞            X - +1 helmet of Supiahyck {Int+3}
rElec   +            w - scarf {repulsion}
rCorr   +            y - melded +2 pair of gloves of the Dice {rC+ Will+ MP+9 Int-3 Stlth+}
SInv    +            (boots unavailable)
Will    +++..        P - amulet of magic regeneration
Stlth   +++          D - ring of the Crown {Fire rCorr Dex+5}
HPRegen 3.69/turn    L - ring of Eniadgh {Drain rPois rN+ Int+4 SInv}
MPRegen 1.00/turn

%: repel missiles, reflection, guardian spirit
@: about to teleport, statue-form, very slightly contaminated, studying 2
skills, drained, very slow
A: slow and powerful, torment resistance 1, boosted hp, hooves 3, rugged brown
scales 3, hurl damnation, powered by death 3, torment resistance 1, magic
shield, magic regeneration, magic link, demonic willpower, dopey 1, wild magic 1
}: 2/15 runes: decaying, gossamer
a: Hurl Damnation, End Transformation, Renounce Religion


You were on level 4 of the Vaults.
You worshipped Vehumet.
Vehumet was exalted by your worship.
You were a living statue of rough stone.
You visited 10 branches of the dungeon, and saw 46 of its levels.
You also visited: Bailey and Ice Cave.

You collected 8073 gold pieces.
You spent 4922 gold pieces at shops.

Inventory:

Hand Weapons
 j - the +6 long sword of a volcano (weapon) {freeze, rPois rC+ Will+}
   (You took it off a deep elf annihilator on level 3 of the Elven Halls)

   rC:        It protects you from cold.
   rPois:     It protects you from poison.
   Will:      It increases your willpower.
 J - a +4 spectral demon blade
 V - the +6 Majin-Bo {spellvamp, MP+6 Int+6}
   (You found it on level 3 of the Crypt)

   Int:       It affects your intelligence (+6).
   MP:        It affects your magic capacity (+6).
Missiles
 m - 2 throwing nets
 u - 19 silver javelins
Armour
 d - a +4 kite shield of reflection (worn)
 s - the +1 ring mail "Unesh" (melded) {*Slow rElec rPois Int+9}
   (You took it off a spriggan rider on level 2 of the Swamp)

   Int:       It affects your intelligence (+9).
   rElec:     It insulates you from electricity.
   rPois:     It protects you from poison.
   *Slow:     It may slow you when you take damage.
 w - a scarf of repulsion (worn)
 y - the +2 pair of gloves of the Dice (melded) {rC+ Will+ MP+9 Int-3 Stlth+}
   (You found it on level 4 of the Spider Nest)

   Int:       It affects your intelligence (-3).
   rC:        It protects you from cold.
   MP:        It affects your magic capacity (+9).
   Will:      It increases your willpower.
   Stlth:     It makes you more stealthy.
 A - a +2 cloak
 S - the +8 faerie dragon scales {Will+ rCorr Int+4 Dex+2 Slay-4}
   (You took it off the Enchantress on level 2 of the Depths)

   Int:       It affects your intelligence (+4).
   Dex:       It affects your dexterity (+2).
   Slay:      It affects your accuracy & damage with ranged weapons and melee
   (-4).
   rCorr:     It protects you from acid and corrosion.
   Will:      It increases your willpower.
 X - the +1 helmet of Supiahyck (worn) {Int+3}
   (You found it in an ice cave)

   Int:       It affects your intelligence (+3).
Magical Staves
 R - a staff of earth
 T - the staff of Frustration {rElec rPois rF+ Stlth+ Poison}
   (You found it on level 3 of the Elven Halls)

   [staff of poison]

   Base accuracy: +5 Base damage: 5 Base attack delay: 1.2 This weapon's minimum
   attack delay (0.6) is reached at skill level 12.
   rF:        It protects you from fire.
   rElec:     It insulates you from electricity.
   rPois:     It protects you from poison.
   Poison:    It increases the power of your Poison spells.
   Stlth:     It makes you more stealthy.
   It falls into the 'Staves' category.
   It is a one-handed weapon.
Jewellery
 b - a ring of protection from cold
 l - a ring of willpower
 D - the ring of the Crown (left fist) {Fire rCorr Dex+5}
   (You took it off an orc on level 5 of the Dungeon)

   [ring of fire]

   It enhances your fire magic.
   Dex:       It affects your dexterity (+5).
   rF:        It protects you from fire.
   rC:        It makes you vulnerable to cold.
   rCorr:     It protects you from acid and corrosion.
 L - the ring of Eniadgh (right fist) {Drain rPois rN+ Int+4 SInv}
   (You took it off a deep elf demonologist on level 3 of the Elven Halls)

   [ring of see invisible]

   Int:       It affects your intelligence (+4).
   rPois:     It protects you from poison.
   rN:        It protects you from negative energy.
   SInv:      It lets you see invisible.
   Drain:     It drains your maximum health when unequipped.
 O - a ring of wizardry
 P - an amulet of magic regeneration (around neck)
 W - a ring of flight
Wands
 c - a wand of mindburst (18)
 e - a wand of digging (26)
 t - a wand of quicksilver (49)
 G - a wand of charming (33)
 Q - a wand of roots (58)
Scrolls
 k - 16 scrolls of teleportation
 n - 11 scrolls of fog
 p - 8 scrolls of fear
 r - 5 scrolls of amnesia
 x - a scroll of butterflies
 B - a scroll of acquirement
 E - 13 scrolls of revelation
 K - 6 scrolls of blinking
 Y - 8 scrolls of poison
 Z - 14 scrolls of immolation
Potions
 a - 12 potions of curing
 f - 7 potions of resistance
 h - 9 potions of invisibility
 i - 11 potions of brilliance
 o - 4 potions of heal wounds
 q - 14 potions of mutation
 v - 5 potions of cancellation
 z - 14 potions of ambrosia
 C - 13 potions of haste
 F - 12 potions of might
 H - 9 potions of lignification
 I - 4 potions of enlightenment
 N - 5 potions of magic
Miscellaneous
 g - a phial of floods


   Skills:
 + Level 22.3 Fighting
 - Level 3.0 Long Blades
 - Level 2.2(3.0) Axes
 - Level 3.0(3.3) Polearms
 - Level 12.0 Armour
 - Level 3.0 Dodging
 - Level 3.0 Stealth
 * Level 14.8 Shields
 + Level 20.9 Spellcasting
 - Level 12.0 Conjurations
 + Level 7.9 Necromancy
 - Level 3.0 Translocations
 - Level 6.0 Transmutations
 * Level 7.4 Fire Magic
 - Level 3.0 Ice Magic
 - Level 3.0 Air Magic
 + Level 19.5 Earth Magic
 - Level 3.0 Poison Magic
 - Level 6.0 Evocations


You had 15 spell levels left.
You knew the following spells:

 Your Spells              Type           Power      Damage    Failure   Level
a - Statue Form           Tmut/Erth      64%        N/A       3%          6
b - Passwall              Tmut/Erth      80%        N/A       1%          2
c - Stone Arrow           Conj/Erth      100%       3d13      1%          3
d - Swiftness             Air            59%        N/A       3%          3
e - Iskenderun's Mystic   Conj/Tloc      78%        2d16      1%          4
f - Lee's Rapid Deconstr  Erth           57%        3d26*     1%          5
g - Mephitic Cloud        Conj/Pois/Air  73%        N/A       1%          3
h - Freezing Cloud        Conj/Ice/Air   36%        6-21      2%          5
i - Borgnjor's Vile Clut  Necr/Erth      49%        N/A       1%          5
j - Leda's Unmaking       Conj/Erth      52%        9d9       1%          6
l - Shatter               Erth           57%        3d43*     24%         9

Your spell library contained the following spells:

 Spells                   Type           Power      Damage    Failure   Level
 Fire Storm               Conj/Fire      54%        8d14      100%        9
 Kiss of Death            Conj/Necr      100%       2d13      1%          1
 Sandblast                Erth           100%       2d20      1%          1
 Shock                    Conj/Air       100%       1d9       1%          1
 Sting                    Tmut/Pois      100%       1d8       1%          1
 Cigotuvi's Dreadful Rot  Necr/Pois/Air  100%       N/A       1%          2
 Momentum Strike          Conj/Tloc      100%       3d10      1%          2
 Scorch                   Fire           100%       2d9       1%          2
 Static Discharge         Conj/Air       100%       2-7/arc   1%          2
 Sublimation of Blood     Necr           80%        N/A       1%          2
 Wereblood                Tmut           73%        N/A       1%          2
 Dazzling Flash           Conj/Hex       100%       N/A       1%          3
 Frozen Ramparts          Ice            100%       1d16      1%          3
 Ignite Poison            Fire/Tmut/Pois 90%        N/A       1%          3
 Inner Flame              Hex/Fire       81%        N/A       1%          3
 Volatile Blastmotes      Fire/Tloc      100%       2d18      1%          3
 Animate Armour           Summ/Erth      100%       N/A       1%          4
 Animate Dead             Necr           80%        N/A       1%          4
 Dispel Undead            Necr           80%        3d26      1%          4
 Flame Wave               Conj/Fire      100%       2d21      1%          4
 Leda's Liquefaction      Hex/Erth       43%        N/A       1%          4
 Petrify                  Tmut/Erth      96%        N/A       1%          4
 Sticky Flame             Conj/Fire      100%       2d11      1%          4
 Arcjolt                  Conj/Air       39%        1d49      1%          5
 Fireball                 Conj/Fire      54%        3d21      1%          5
 Iskenderun's Battlesphe  Conj           94%        2d14      1%          5
 Blink                    Tloc           100%       N/A       2%          2
 Lesser Beckoning         Tloc           100%       N/A       2%          2
 Spider Form              Tmut/Pois      66%        N/A       2%          3
 Starburst                Conj/Fire      54%        6d15      2%          6
 Ensorcelled Hibernation  Hex/Ice        100%       N/A       3%          2
 Vhi's Electric Charge    Tloc/Air       100%       N/A       3%          3
 Airstrike                Air            29%        2d(5-21)  3%          4
 Slow                     Hex            100%       N/A       4%          1
 Summon Small Mammal      Summ           100%       N/A       4%          1
 Agony                    Necr           80%        N/A       4%          5
 Orb of Destruction       Conj           47%        9d12      5%          7
 Ice Form                 Ice/Tmut       66%        N/A       6%          4
 Conjure Ball Lightning   Conj/Air       39%        3x3d13    6%          6
 Anguish                  Hex/Necr       32%        N/A       7%          4
 Yara's Violent Unravell  Hex/Tmut       29%        3d12      7%          5
 Lehudib's Crystal Spear  Conj/Erth      52%        10d12     9%          8
 Call Canine Familiar     Summ           40%        N/A       11%         3
 Confusing Touch          Hex            40%        N/A       11%         3
 Summon Guardian Golem    Hex/Summ       40%        N/A       11%         3
 Summon Ice Beast         Ice/Summ       51%        N/A       17%         4
 Summon Lightning Spire   Summ/Air       51%        N/A       17%         4
 Death Channel            Necr           40%        N/A       19%         6
 Cause Fear               Hex            20%        N/A       30%         4
 Spellforged Servitor     Conj/Summ      36%        N/A       45%         7
 Ozocubu's Refrigeration  Ice            29%        4d14      82%         7
 Ignition                 Fire           49%        3d14      87%         8
 Summon Cactus Giant      Summ           20%        N/A       99%         6
 Enfeeble                 Hex            20%        N/A       100%        7
 Summon Hydra             Summ           20%        N/A       100%        7
 Discord                  Hex            20%        N/A       100%        8
 Disjunction              Tloc           29%        N/A       100%        8
 Infestation              Necr           40%        N/A       100%        8
 Maxwell's Capacitive Co  Air            29%        ∞         100%        8
 Chain Lightning          Conj/Air       39%        3d52      100%        9
 Polar Vortex             Ice            29%        12d3*     100%        9


Dungeon Overview and Level Annotations

Branches:
Dungeon (15/15) Zot: 22274  Temple (1/1) D:5 Zot: 5793    Lair (5/5) D:11 Zot: 20608
  Swamp (4/4) Lair:3 Zot: 16175  Spider (4/4) Lair:3 Zot: 18839   Slime (0/5) Lair:4
    Orc (2/2) D:9 Zot: 9463     Elf (3/3) Orc:2 Zot: 12067  Vaults (5/5) D:13 Zot: 20868
  Crypt (3/3) Vaults:2 Zot: 12677    Tomb (0/3) Crypt:3      Depths (4/4) D:15 Zot: 18929
    Zot (0/5) Depths:4     Bailey (visited)           IceCv (visited)

Altars:
Ashenzari
Cheibriados
Dithmenos
Fedhas
Gozag
Hepliaklqana
Kikubaaqudgha
Makhleb
Nemelex Xobeh
Okawaru
Qazlal
Ru
Sif Muna
Trog
Uskayaw
Vehumet
Wu Jian
Xom
Yredelemnul
Jiyva

Shops:
D:2 !   D:4 *   D:7 [   D:11 [   Orc:2 ?*!*   Elf:3 !   Vaults:1 =
Depths:4 ?*

Portals:
Hell: Depths:1 Depths:2 Depths:3 Depths:4
Abyss: Depths:2 Depths:3* Depths:4
Pandemonium: Depths:2 Depths:3
Ziggurat: Depths:1

Annotations:
Crypt:3 Khufu


Innate Abilities, Weirdness & Mutations

You are a living statue of rough stone.
Your actions are slow, but your melee attacks are powerful.
You are resistant to unholy torment.
Your maximum health is greatly increased.
You are immune to poison.
Your equipment is partially melded.
You have hooves in place of feet.
(You are completely covered in rugged brown scales. (AC +3, +7% HP))
You can hurl damnation.
You regenerate a lot of health from kills.
You are resistant to unholy torment.
When hurt, damage is shared between your health and your magic reserves.
You regenerate magic rapidly.
When low on magic, you restore magic in place of health.
You punish those that try to bend your will. (Will+)
You are dopey. (Int -2)
Your spells are a little harder to cast, but a little more powerful.


Message History

Ka-crash!
You no longer feel sluggish.
The zombie hands constrict the shadow dragon!
The shadow dragon struggles to escape constriction.
The shadow dragon bites you but does no damage.
You block the shadow dragon's attack. x2; The golden dragon barely misses you.
You block the golden dragon's attack.
The golden dragon tramples you but does no damage.
The golden dragon bites you but does no damage.
The golden dragon claws you but does no damage.
The golden dragon tramples you but does no damage.
The shadow dragon breathes negative energy at you.
The bolt of negative energy hits you. You partially resist.
You feel drained.
* * * LOW HITPOINT WARNING * * *
The shadow dragon escapes!
The golden dragon closely misses you.
The golden dragon claws you but does no damage.
The golden dragon closely misses you.
Unknown command.
Unknown command.
Okay, then.
Okay, then.
As you read the scroll of teleportation, it crumbles to dust.
You feel strangely unstable. The golden dragon bites you!
* * * LOW HITPOINT WARNING * * *
You block the golden dragon's attack.
The golden dragon tramples you but does no damage.
You block the shadow dragon's attack.
The shadow dragon claws you but does no damage.
The shadow dragon closely misses you.
The shadow dragon breathes negative energy at you.
The bolt of negative energy hits you! You partially resist.
You feel drained.
* * * LOW HITPOINT WARNING * * *
The golden dragon bites you!!
* * * LOW HITPOINT WARNING * * *
The golden dragon claws you!
* * * LOW HITPOINT WARNING * * *
You block the golden dragon's attack. The golden dragon breathes cold at you.
The bolt of cold hits you!!
You die...

..# #..# #......# #...# ..# #..#
### #......# #...#
''########..####.###..#######...#
................................#
.................[..............#
##'##'####..####.#.##..######...#
......# #..#.....)[..# #...#
......# #..##...D....# #...#
......# #..##..8D[[..# #...#
......# #..##..DD>....# #...#
......# #..##....[[..## #...#
......# #..##.....[..# #...#
......# #..#######.#.#### #...#
......# #..# #..)?....# #...#
......# #..# #..[.....# #...#
......# #..# #........# #...#
......# #..# #........# #...#


You could see 2 shadow dragons and 2 golden dragons.

Vanquished Creatures
  A dread lich (Vaults:5)
  An ancient lich (Vaults:5)
  Mennas (Depths:3)
  A juggernaut (Depths:3)
  Bai Suzhen (Crypt:3)
  A caustic shrike (shapeshifter) (Vaults:5)
  4 golden dragons
  A profane servitor (Depths:1)
  the Enchantress (Depths:2)
  5 bone dragons
  Arachne (Spider:4)
  5 tentacled monstrosities (Vaults:5)
  Zenata (Vaults:4)
  3 deep elf blademasters
  Asterion (Vaults:1)
  A quicksilver dragon (Vaults:4)
  A walking frostbound tome (Depths:3)
  2 deep elf master archers (Elf:3)
  4 titans (Vaults:5)
  6 sphinxes
  6 ancient champions
  Roxanne (Elf:3)
  6 thorn hunters
  2 storm dragons
  8 tengu reavers
  Donald (Spider:1)
  Gastronok (Lair:3)
  A draconian monk (Depths:4)
  7 revenants
  3 shadow dragons
  8 frost giants
  6 fire giants
  The ghost of protoss039 the Warrior, a journeyman DsEE of Vehumet (D:13)
  19 vault wardens
  A ghost moth (shapeshifter) (Vaults:4)
  An iron dragon (Depths:4)
  9 emperor scorpions
  4 ghost moths (Spider:4)
  An emperor scorpion (shapeshifter) (Elf:3)
  8 deep elf sorcerers
  3 orc warlords
  5 deep elf elementalists
  A draconian stormcaller (Depths:4)
  12 ghouls
  4 curse skulls
  6 spriggan defenders
  A juggernaut zombie (Crypt:3)
  The ghost of GrimJard the Brawler, a journeyman TrFi of Ashenzari (Lair:4)
  18 ironbound preservers
  17 stone giants
  7 caustic shrike skeletons
  11 very ugly things
  2 formless jellyfish
  7 ironbound thunderhulks
  A juggernaut skeleton (Crypt:2)
  A reaper (Crypt:2)
  2 broodmothers
  The ghost of bmj180 the Frost Mage, a journeyman MfIE of Vehumet (Lair:3)
  6 eleionomae
  15 vampire knights
  7 deep elf demonologists (Elf:3)
  6 deep elf annihilators
  2 green draconians (Depths:4)
  8 bunyips
  A black draconian (Depths:4)
  3 white draconians
  2 yellow draconians (Depths:4)
  8 dire elephants
  16 spark wasps
  6 deep elf death magi
  Snorg (D:10)
  2 pearl dragon zombies (Depths:1)
  5 eidola
  An ettin (shapeshifter) (D:13)
  10 ettins
  3 entropy weavers
  A quicksilver dragon zombie (Crypt:3)
  5 great orbs of eyes
  Fannar (D:10)
  24 hydras
  2 shambling mangroves
  13 jiangshi
  2 fenstrider witch zombies
  5 deep elf high priests
  3 rakshasas
  3 spriggan zombies
  29 vault guards
  7 ice dragons
  13 yaktaur captains
  3 death knights
  4 fire dragons
  3 ghost crabs
  A catoblepas (Lair:2)
  2 radroaches
  12 spriggan air magi
  9 centaur warriors
  11 ironbound frosthearts
  A caustic shrike simulacrum (Depths:3)
  An ogre mage (D:15)
  32 dancing weapons
  8 death yaks (Depths:2)
  A fenstrider witch skeleton (Crypt:2)
  9 alligators
  5 boulder beetles
  3 two-headed ogres (D:15)
  5 deep troll shamans
  A two-headed ogre (shapeshifter) (Elf:2)
  7 demonic crawlers
  5 deep troll earth magi
  5 orc high priests (Orc:2)
  An emperor scorpion zombie (Crypt:1)
  3 hell hogs (Depths:1)
  8 tengu warriors
  13 vampire magi
  8 hell knights
  A titan zombie (Crypt:2)
  62 spriggans
  18 deep elf knights
  6 spriggan berserkers
  2 soul eaters (Crypt:2)
  A salamander mystic (Depths:3)
  An iron giant zombie (Crypt:3)
  7 iron trolls
  A quicksilver dragon simulacrum (Depths:3)
  5 shadow wraiths
  A storm dragon skeleton (Crypt:2)
  3 pharaoh ants
  38 skeletal warriors
  A bunyip zombie (Crypt:2)
  3 anaconda zombies
  3 orb spiders
  5 goliath frogs
  9 spriggan druids
  61 deep trolls
  8 flayed ghosts
  A tengu zombie (Depths:3)
  An orange crystal statue (IceCv)
  10 deep elf archers
  18 phantasmal warriors
  9 swamp dragons
  5 bog bodies
  26 ironbound convokers
  2 anaconda skeletons (Crypt:2)
  7 wizards
  A steelbarb worm (Spider:4)
  15 lindwurms
  An iron dragon zombie (Depths:1)
  6 necromancers
  50 ugly things
  34 deep elf zephyrmancers
  2 sphinx zombies
  27 wolf spiders
  6 salamanders
  32 deep elf pyromancers
  2 orc sorcerers
  12 orc knights
  4 cyclopes
  A cyclops (shapeshifter) (Vaults:5)
  2 manticores
  A goliath frog skeleton (Crypt:1)
  3 will-o-the-wisps
  5 apis skeletons
  Joseph (D:9)
  22 vault sentinels
  2 stone giant skeletons
  An alligator snapping turtle zombie (Crypt:2)
  6 black mambas
  2 iron dragon skeletons
  A centaur zombie (Crypt:3)
  A naga mage (Depths:4)
  A dire elephant zombie (Crypt:3)
  2 torpor snails
  3 cane toads
  A gargoyle (D:12)
  2 water nymphs (shapeshifter)
  A shock serpent skeleton (Crypt:3)
  A kobold demonologist (D:11)
  6 freezing wraiths
  A purple draconian zombie (Crypt:1)
  21 rime drakes
  8 komodo dragons
  27 yaktaurs
  5 tengu conjurers
  A spark wasp simulacrum (Depths:1)
  A pale draconian skeleton (Crypt:1)
  12 tyrant leeches
  4 guardian mummies (Crypt:3)
  A purple draconian skeleton (Crypt:2)
  2 bloated husks (Swamp:3)
  2 harpy zombies
  3 meliai
  An iron troll skeleton (Crypt:2)
  16 polar bears
  A queen bee (Lair:1)
  An unseen horror skeleton (Crypt:3)
  A wind drake (shapeshifter) (D:15)
  Grinder (D:6)
  A queen bee (shapeshifter) (D:14)
  39 hornets
  33 tarantellas
  5 blink frogs (Lair:3)
  4 trolls
  32 slime creatures
  6 harpy skeletons
  A human simulacrum (Vaults:3)
  A tyrant leech (shapeshifter) (Depths:3)
  3 guardian serpent skeletons (Crypt:2)
  19 jumping spiders
  2 wyverns
  18 culicivoras
  3 flying skulls (Crypt:2)
  2 vampires
  An alligator skeleton (Crypt:2)
  3 shadows
  3 air elementals
  5 water elementals
  45 yaks
  13 vampire mosquitoes
  8 wraiths
  A hog (shapeshifter) (D:12)
  6 basilisks
  Grum (D:11)
  2 fire elementals
  5 steam dragons
  A death yak simulacrum (Lair:3)
  A swamp worm (shapeshifter) (Vaults:5)
  A spectral cane toad (Lair:3)
  12 swamp worms
  2 acid dragons (Lair:5)
  80 redbacks
  A glowing shapeshifter zombie (Depths:1)
  A deep troll zombie (Crypt:1)
  20 water moccasins
  A floating eye (Depths:3)
  An ice beast (D:5)
  A black bear (D:4)
  14 swamp drakes
  3 sky beasts
  40 orc warriors
  An ettin simulacrum (Vaults:3)
  A tengu (shapeshifter) (Elf:3)
  10 ogres
  2 black mamba simulacra (Lair:3)
  16 centaurs
  A dream sheep zombie (Crypt:1)
  30 wolves
  A phantom (D:4)
  4 earth elementals
  3 necrophages
  2 gnoll sergeants
  10 bullfrogs
  2 human skeletons
  2 scorpions
  13 wights
  A yak zombie (Crypt:3)
  16 killer bees
  2 howler monkeys
  An electric eel (Lair:2)
  A torpor snail simulacrum (Lair:3)
  A lava snake (D:15)
  A quasit (D:7)
  4 hounds
  3 jellies
  33 orc priests
  Crazy Yiuf (D:4)
  11 iguanas
  23 orc wizards
  An ice beast zombie (Crypt:1)
  Robin (D:4)
  10 gnolls
  10 adders
  5 shadow imps
  A steam dragon skeleton (Crypt:2)
  A white imp (D:7)
  5 ufetubi
  3 worms
  2 dart slugs
  91 orcs
  6 ball pythons
  5 bats
  4 endoplasms
  3 giant cockroaches
  18 goblins
  13 hobgoblins
  15 jackals
  A ball python skeleton (Crypt:1)
  2 frilled lizards (D:3)
  A giant cockroach zombie (Crypt:2)
  A gnoll skeleton (Crypt:2)
  A jackal skeleton (Crypt:3)
  15 kobolds
  A kobold skeleton (Crypt:2)
  5 rats
2146 creatures vanquished.

Vanquished Creatures (collateral kills)
  A thorn hunter (Swamp:2)
  An orc warlord (Bailey)
  A steelbarb worm (Lair:3)
  A meliai (Spider:1)
  3 hornets
  4 killer bees (Lair:1)
11 creatures vanquished.

Vanquished Creatures (others)
  A tentacled monstrosity (Vaults:5)
  A spriggan defender (Depths:2)
  A hydra (Swamp:1)
  An alligator (Swamp:1)
  A steelbarb worm (Spider:1)
  A wolf spider (Lair:3)
  A bloated husk (Swamp:1)
  A hornet (Swamp:1)
  A tyrant leech (Swamp:4)
  A slime creature (D:14)
  A centaur (D:15)
  A killer bee (Lair:1)
  An electric eel (Lair:2)
  4 foxfires (Swamp:3)
17 creatures vanquished.

Grand Total: 2174 creatures vanquished

Notes
Turn   | Place    | Note
-------+----------+-------------------------------------------
     0 | D:1      | protoss039 the Demonspawn Earth Elementalist began the
                  | quest for the Orb.
     0 | D:1      | Reached XP level 1. HP: 13/13 MP: 3/3
   292 | D:1      | Gained mutation: You regenerate a little health from kills.
                  | [demonic ancestry]
   292 | D:1      | Reached XP level 2. HP: 20/20 MP: 3/5
   345 | D:1      | Reached skill level 1 in Fighting
   708 | D:1      | Found a faded altar of an unknown god.
   803 | D:1      | Gained mutation: You have large cloven feet. [demonic
                  | ancestry]
   803 | D:1      | Reached XP level 3. HP: 17/26 MP: 1/6
  1107 | D:1      | Learned a level 2 spell: Passwall
  1450 | D:2      | Found Suif's Distillery.
  1453 | D:2      | Bought a potion of curing for 30 gold pieces
  1453 | D:2      | Bought a potion of heal wounds for 50 gold pieces
  1563 | D:2      | Learned a level 3 spell: Stone Arrow
  1695 | D:3      | Reached skill level 2 in Fighting
  1718 | D:3      | Reached XP level 4. HP: 26/33 MP: 3/8
  2668 | D:4      | Reached skill level 1 in Conjurations
  2812 | D:4      | Reached skill level 1 in Armour
  2812 | D:4      | Gained mutation: You are partially covered in rugged brown
                  | scales. (AC +1, +3% HP) [demonic ancestry]
  2812 | D:4      | Reached XP level 5. HP: 34/40 MP: 6/9
  2946 | D:4      | Noticed Robin
  3024 | D:4      | Killed Robin
  3264 | D:4      | Noticed a black bear
  3431 | D:4      | Killed a black bear
  3432 | D:4      | Reached XP level 6. HP: 47/47 MP: 4/10
  3646 | D:4      | Found Odadel's General Store.
  3654 | D:4      | Bought a scroll of teleportation for 33 gold pieces
  3654 | D:4      | Bought a scroll of identify for 22 gold pieces
  3981 | D:4      | Reached skill level 3 in Fighting
  4228 | D:4      | Found a runed translucent door.
  4229 | D:4      | Noticed Crazy Yiuf
  4235 | D:4      | Killed Crazy Yiuf
  4236 | D:4      | Gained mutation: You are mostly covered in rugged brown
                  | scales. (AC +2, +5% HP) [demonic ancestry]
  4236 | D:4      | Reached XP level 7. HP: 48/54 MP: 5/12
  4311 | D:5      | Entered Level 5 of the Dungeon
  4370 | D:5      | Found a shimmering altar of Xom.
  4623 | D:5      | Found a staircase to the Ecumenical Temple.
  4657 | Temple   | Entered the Ecumenical Temple
  4849 | Temple   | Became a worshipper of Vehumet
  5115 | D:5      | Identified the ring of the Crown {Fire rCorr Dex+5}
  5451 | D:5      | Reached XP level 8. HP: 63/63 MP: 10/14
  5944 | D:6      | Reached skill level 4 in Fighting
  5944 | D:6      | Reached skill level 5 in Conjurations
  6052 | D:6      | Noticed Grinder
  6071 | D:6      | Reached * piety under Vehumet
  6071 | D:6      | Offered knowledge of Freeze by Vehumet.
  6244 | D:6      | Found a sacrificial altar of Ru.
  6541 | D:6      | Found a stormy altar of Qazlal.
  6550 | D:6      | Reached skill level 5 in Earth Magic
  6989 | D:6      | Killed Grinder
  7115 | D:7      | Reached skill level 5 in Fighting
  7115 | D:7      | Reached skill level 5 in Spellcasting
  7198 | D:7      | Found a flagged portal.
  7286 | Bailey   | Entered a bailey
  7374 | Bailey   | Noticed an orc warlord
  7407 | Bailey   | Noticed an orc knight
  7420 | Bailey   | Killed an orc knight
  7421 | Bailey   | Reached XP level 9. HP: 71/71 MP: 11/17
  7551 | Bailey   | Found a runed translucent gate.
  7553 | Bailey   | Found a runed translucent gate.
  7555 | Bailey   | Found a runed translucent gate.
  7569 | Bailey   | Offered knowledge of Shock by Vehumet.
  7696 | Bailey   | Killed an orc warlord
  7697 | Bailey   | Reached skill level 6 in Fighting
  8152 | D:7      | Reached ** piety under Vehumet
  8464 | D:7      | Reached skill level 7 in Fighting
  8686 | D:7      | Found Wis Xyti's Armour Shop.
  8735 | D:7      | Found a sparkling altar of Nemelex Xobeh.
  8736 | D:7      | Found a blossoming altar of Fedhas.
  8924 | D:8      | Gained mutation: You regenerate magic rapidly. [demonic
                  | ancestry]
  8924 | D:8      | Reached XP level 10. HP: 82/82 MP: 11/20
  9381 | D:8      | Reached skill level 1 in Transmutations
  9839 | D:9      | Identified the +1 cloak of Twilight {rN++ Int-3}
  9886 | D:9      | Found a staircase to the Orcish Mines.
  9943 | D:9      | Reached skill level 1 in Evocations
  9980 | D:9      | Offered knowledge of Mephitic Cloud by Vehumet.
  9987 | D:9      | Learned a level 3 spell: Mephitic Cloud
 10094 | D:9      | Reached *** piety under Vehumet
 10188 | D:9      | Noticed Joseph
 10203 | D:9      | Killed Joseph
 10204 | D:9      | Reached skill level 1 in Poison Magic
 10316 | D:9      | Reached skill level 1 in Air Magic
 10601 | D:9      | Offered knowledge of Inner Flame by Vehumet.
 10832 | D:9      | Learned a level 3 spell: Inner Flame
 10868 | D:10     | Entered Level 10 of the Dungeon
 10923 | D:10     | Noticed Snorg
 11046 | D:10     | Reached skill level 8 in Fighting
 11460 | D:10     | Reached skill level 1 in Shields
 11460 | D:10     | Reached **** piety under Vehumet
 11710 | D:10     | Noticed Fannar
 11724 | D:10     | Killed Fannar
 11725 | D:10     | Gained mutation: You have hoof-like feet. [demonic
                  | ancestry]
 11725 | D:10     | Reached XP level 11. HP: 84/90 MP: 4/22
 12063 | D:11     | Found Imaut's Armour Shoppe.
 12097 | D:11     | Noticed Grum
 12103 | D:11     | Offered knowledge of Volatile Blastmotes by Vehumet.
 12108 | D:11     | Killed Grum
 12437 | D:11     | Found a staircase to the Lair.
 13025 | D:12     | Noticed a brown ugly thing
 13030 | D:12     | Killed a brown ugly thing
 13936 | D:13     | Found a runed translucent gate.
 13936 | D:13     | Found a runed translucent gate.
 13936 | D:13     | Found a runed translucent gate.
 13947 | D:13     | Found a gate to the Vaults.
 13947 | D:13     | Noticed an ironbound preserver
 14003 | D:13     | Killed an ironbound preserver
 14245 | Lair:1   | Entered Level 1 of the Lair of Beasts
 14742 | Lair:1   | Reached skill level 9 in Fighting
 14742 | Lair:1   | Gained mutation: You are completely covered in rugged brown
                  | scales. (AC +3, +7% HP) [demonic ancestry]
 14742 | Lair:1   | Reached XP level 12. HP: 66/101 MP: 23/24
 14762 | Lair:1   | Reached skill level 5 in Shields
 14765 | Lair:1   | Reached ***** piety under Vehumet
 14768 | Lair:1   | Offered knowledge of Orb of Destruction by Vehumet.
 15138 | Lair:1   | Learned a level 7 spell: Orb of Destruction
 15177 | Lair:1   | Reached skill level 5 in Armour
 16112 | Lair:2   | Reached skill level 1 in Polearms
 16260 | Lair:2   | Noticed a catoblepas
 16286 | Lair:2   | Killed a catoblepas
 17110 | Lair:3   | Found a hole to the Spider Nest.
 17175 | Lair:3   | Noticed a four-headed hydra
 17184 | Lair:3   | Killed a four-headed hydra
 17185 | Lair:3   | Reached XP level 13. HP: 110/110 MP: 15/26
 17378 | Lair:3   | Found a staircase to the Swamp.
 17384 | Lair:3   | Offered knowledge of Lee's Rapid Deconstruction by Vehumet.
 17400 | Lair:3   | Learned a level 5 spell: Lee's Rapid Deconstruction
 17487 | Lair:3   | Reached skill level 10 in Fighting
 17612 | Lair:3   | Found a runed translucent gate.
 17613 | Lair:3   | Found a runed translucent gate.
 17617 | Lair:3   | Found a runed translucent gate.
 17620 | Lair:3   | Noticed bmj180's ghost (journeyman MfIE)
 17648 | Lair:3   | Noticed Gastronok
 17675 | Lair:3   | Killed Gastronok
 18436 | Lair:4   | Noticed GrimJard's ghost (journeyman TrFi)
 18477 | Lair:4   | Found a runed translucent door.
 18848 | Lair:4   | Found a staircase to the Slime Pits.
 18848 | Lair:4   | Found a viscous altar of Jiyva.
 19451 | Lair:5   | Entered Level 5 of the Lair of Beasts
 20197 | Lair:5   | Learned a level 4 spell: Iskenderun's Mystic Blast
 20523 | Lair:5   | Reached skill level 1 in Translocations
 20586 | Lair:5   | Noticed a fire dragon
 20605 | Lair:5   | Killed a fire dragon
 21266 | D:10     | Killed Snorg
 22100 | D:13     | Found an opulent altar of Gozag.
 22100 | D:13     | Noticed a stone giant
 22100 | D:13     | Noticed protoss039's ghost (journeyman DsEE)
 22124 | D:13     | Found an iron altar of Okawaru.
 22298 | D:13     | Reached skill level 10 in Earth Magic
 23044 | D:14     | You are sucked into a shaft and drop 1 floor!
 23044 | D:15     | Entered Level 15 of the Dungeon
 23124 | D:14     | Gained mutation: When hurt, damage is shared between your
                  | health and your magic reserves. [demonic ancestry]
 23124 | D:14     | Reached XP level 14. HP: 45/118 MP: 4/27
 23285 | D:14     | Found a hide-covered altar of Uskayaw.
 23501 | D:13     | Reached skill level 11 in Fighting
 23501 | D:13     | Reached skill level 10 in Spellcasting
 25098 | D:15     | Found a staircase to the Depths.
 25264 | D:15     | HP: 4/121 [dire elephant (23)]
 25612 | D:15     | Reached skill level 12 in Fighting
 25919 | Orc:1    | Entered Level 1 of the Orcish Mines
 26054 | Orc:1    | Acquired 515 gold pieces
 26288 | Orc:2    | Entered Level 2 of the Orcish Mines
 26476 | Orc:2    | Offered knowledge of Freezing Cloud by Vehumet.
 26528 | Orc:2    | Learned a level 5 spell: Freezing Cloud
 26549 | Orc:2    | Found a staircase to the Elven Halls.
 26567 | Orc:2    | Noticed an orc warlord
 26852 | Orc:2    | Reached ****** piety under Vehumet
 26881 | Orc:2    | Reached skill level 1 in Ice Magic
 26886 | Orc:2    | Reached skill level 1 in Axes
 27018 | Orc:2    | Killed an orc warlord
 27628 | Orc:2    | Reached XP level 15. HP: 98/130 MP: 7/29
 27754 | Orc:2    | Found Otatim's Magic Scroll Boutique.
 27757 | Orc:2    | Found Haudopse's Distillery.
 27758 | Orc:2    | Found Nelos's Assorted Antiques.
 27759 | Orc:2    | Found Bantocip's Assorted Antiques.
 27762 | Orc:2    | Bought a scroll labelled ENIRU BIESOCE for 30 gold pieces
 27762 | Orc:2    | Bought a scroll of revelation for 225 gold pieces
 27762 | Orc:2    | Bought a fine ring mail for 270 gold pieces
 27762 | Orc:2    | Identified the +5 ring mail of the Beginning {rElec Str+2}
                  | (You bought it in a shop on level 2 of the Orcish Mines)
 27775 | Orc:2    | Bought a potion of invisibility for 144 gold pieces
 27775 | Orc:2    | Bought a potion of heal wounds for 90 gold pieces
 27775 | Orc:2    | Bought a potion of cancellation for 144 gold pieces
 27775 | Orc:2    | Bought a potion of might for 72 gold pieces
 27783 | Orc:2    | Bought a scroll of identify for 62 gold pieces
 27783 | Orc:2    | Bought a scroll of fog for 124 gold pieces
 27784 | Orc:2    | Bought a scroll of identify for 32 gold pieces
 27784 | Orc:2    | Bought a scroll of fog for 64 gold pieces
 27784 | Orc:2    | Bought a scroll of revelation for 120 gold pieces
 27784 | Orc:2    | Bought 2 scrolls of fear for 128 gold pieces
 27784 | Orc:2    | Bought a scroll of identify for 32 gold pieces
 27784 | Orc:2    | Bought a scroll of amnesia for 64 gold pieces
 28022 | Swamp:1  | Entered Level 1 of the Swamp
 28573 | Swamp:1  | Offered knowledge of Leda's Unmaking by Vehumet.
 29121 | Swamp:2  | Identified the +1 ring mail "Unesh" {*Slow rElec rPois
                  | Int+9}
 29128 | Swamp:2  | HP: 4/130 [spriggan rider/+0 spear (11)]
 29320 | Swamp:2  | You are sucked into a shaft and drop 1 floor!
 29328 | Swamp:2  | Noticed a thorn hunter
 29336 | Swamp:2  | Killed a thorn hunter
 29684 | Swamp:1  | Learned a level 6 spell: Leda's Unmaking
 31013 | Swamp:3  | Reached skill level 13 in Fighting
 31017 | Swamp:3  | Noticed a thorn hunter
 31349 | Swamp:3  | Noticed a thorn hunter
 31356 | Swamp:3  | Killed a thorn hunter
 31882 | Swamp:3  | Noticed a thorn hunter
 32208 | Swamp:3  | Gained mutation: You have hooves in place of feet. [demonic
                  | ancestry]
 32208 | Swamp:3  | Reached XP level 16. HP: 95/140 MP: 9/32
 32356 | Swamp:3  | HP: 4/140 [thorn hunter (15)]
 32365 | Swamp:3  | Killed a thorn hunter
 32365 | Swamp:3  | Offered knowledge of Arcjolt by Vehumet.
 32366 | Swamp:3  | Reached skill level 5 in Evocations
 33217 | Swamp:3  | Killed a thorn hunter
 33253 | Swamp:4  | Entered Level 4 of the Swamp
 33253 | Swamp:4  | Noticed a thorn hunter
 33262 | Swamp:3  | Killed a thorn hunter
 34078 | Swamp:4  | Noticed a thorn hunter
 34102 | Swamp:4  | Reached skill level 10 in Shields
 34158 | Swamp:4  | Killed a thorn hunter
 34552 | Swamp:4  | Noticed a thorn hunter
 34571 | Swamp:4  | Killed a thorn hunter
 34837 | Swamp:4  | Reached skill level 10 in Conjurations
 35298 | Swamp:4  | Reached skill level 14 in Fighting
 35376 | Swamp:4  | Offered knowledge of Fireball by Vehumet.
 35715 | Swamp:4  | Got a decaying rune of Zot
 35804 | Spider:1 | Entered Level 1 of the Spider Nest
 37394 | Elf:1    | Entered Level 1 of the Elven Halls
 37932 | Elf:1    | Reached XP level 17. HP: 143/148 MP: 21/34
 38020 | Orc:2    | HP: 4/149 [+2 battleaxe of freezing (4)]
 38814 | Elf:1    | Reached skill level 15 in Fighting
 39712 | Elf:2    | Offered knowledge of Ozocubu's Refrigeration by Vehumet.
 39728 | Elf:2    | Learned a level 7 spell: Ozocubu's Refrigeration
 39844 | Elf:2    | Found a runed translucent gate.
 39848 | Elf:2    | Found a runed translucent gate.
 39848 | Elf:2    | Found a runed translucent gate.
 40128 | Elf:2    | Found a shimmering blue altar of Sif Muna.
 40275 | Elf:3    | Entered Level 3 of the Elven Halls
 40600 | Elf:3    | Found Syneic's Distillery.
 40629 | Elf:3    | Bought a potion of heal wounds for 65 gold pieces
 40629 | Elf:3    | Bought a potion of haste for 130 gold pieces
 40629 | Elf:3    | Bought a potion of heal wounds for 65 gold pieces
 40629 | Elf:3    | Bought 2 potions of resistance for 260 gold pieces
 40629 | Elf:3    | Bought a potion of mutation for 104 gold pieces
 41044 | Elf:3    | Identified Roxanne's Directory of Clay
 41044 | Elf:3    | Noticed Roxanne
 41125 | Elf:3    | Killed Roxanne
 41303 | Elf:3    | Learned a level 5 spell: Lee's Rapid Deconstruction
 41329 | Elf:3    | Noticed a deep elf blademaster
 41336 | Elf:3    | Killed a deep elf blademaster
 41494 | Elf:3    | Paralysed by an air elemental for 1 turns
 41790 | Elf:3    | Identified the ring of Eniadgh {Drain rPois rN+ Int+4 SInv}
 41794 | Elf:3    | Noticed a Brimstone Fiend
 41795 | Elf:3    | Noticed a deep elf master archer
 41799 | Elf:3    | Noticed a deep elf master archer
 41803 | Elf:3    | Killed a deep elf master archer
 41804 | Elf:3    | Killed a deep elf master archer
 41816 | Elf:3    | Gained mutation: When low on magic, you restore magic in
                  | place of health. [demonic ancestry]
 41816 | Elf:3    | Reached XP level 18. HP: 161/161 MP: 35/35
 41821 | Elf:3    | Identified the +3 leather armour of Impressiveness {rPois
                  | rN+}
 41839 | Elf:3    | Reached skill level 16 in Fighting
 41840 | Elf:3    | Identified the +7 broad axe of Gehenna {freeze, Int+3}
 41913 | Elf:3    | Identified the +6 long sword of a volcano {freeze, rPois
                  | rC+ Will+}
 42252 | Elf:3    | Identified the staff of Frustration {rElec rPois rF+ Stlth+
                  | Poison}
 42271 | Elf:3    | Got the Information on Petrified Toxicants
 42276 | Elf:3    | Identified the +8 plate armour of Ecyruadd {Contam Int+3
                  | SInv}
 42355 | Elf:3    | Bought a potion of resistance for 130 gold pieces
 42355 | Elf:3    | Bought a potion of brilliance for 52 gold pieces
 42608 | D:2      | Bought a potion of curing for 30 gold pieces
 42608 | D:2      | Bought 2 potions of invisibility for 160 gold pieces
 42608 | D:2      | Bought a potion of haste for 100 gold pieces
 42608 | D:2      | Bought a potion of experience for 500 gold pieces
 42608 | D:2      | Bought a potion of curing for 30 gold pieces
 42608 | D:2      | Bought 2 potions of haste for 200 gold pieces
 42608 | D:2      | Gained mutation: You regenerate health from kills. [demonic
                  | ancestry]
 42608 | D:2      | Reached XP level 19. HP: 167/167 MP: 37/37
 42615 | D:2      | Learned a level 5 spell: Borgnjor's Vile Clutch
 42810 | D:13     | Killed protoss039's ghost
 42815 | D:13     | Reached skill level 1 in Necromancy
 42996 | Lair:3   | Killed bmj180's ghost
 43115 | Lair:3   | Reached XP level 20. HP: 175/175 MP: 38/38
 43651 | Elf:2    | Reached skill level 1 in Long Blades
 43721 | Elf:2    | Reached skill level 15 in Spellcasting
 44641 | Vaults:1 | Entered Level 1 of the Vaults
 44692 | Vaults:1 | Offered knowledge of Lehudib's Crystal Spear by Vehumet.
 44692 | Vaults:1 | Offered knowledge of Fire Storm by Vehumet.
 44692 | Vaults:1 | Offered knowledge of Ignition by Vehumet.
 44730 | Vaults:1 | Found Vokum's Jewellery Emporium.
 44922 | D:13     | Learned a level 3 spell: Swiftness
 45189 | D:13     | Learned a level 6 spell: Statue Form
 45349 | Vaults:1 | Reached skill level 10 in Armour
 45621 | Vaults:1 | Noticed Asterion
 45625 | Vaults:1 | Killed Asterion
 47085 | Vaults:2 | Gained mutation: You regenerate a lot of health from kills.
                  | [demonic ancestry]
 47085 | Vaults:2 | Reached XP level 21. HP: 155/184 MP: 32/40
 47385 | Vaults:2 | Reached skill level 5 in Transmutations
 47673 | Vaults:2 | Reached skill level 5 in Necromancy
 47911 | Vaults:2 | Identified the +7 dire flail of Qitsic {venom, SInv Stlth+}
 48016 | Vaults:2 | Found a staircase to the Crypt.
 48615 | Vaults:2 | Reached skill level 17 in Fighting
 50262 | Vaults:4 | Noticed Zenata
 50269 | Vaults:4 | Killed Zenata
 51580 | Vaults:4 | Gained mutation: You punish those that try to bend your
                  | will. (Will+) [demonic ancestry]
 51580 | Vaults:4 | Reached XP level 22. HP: 194/194 MP: 16/42
 52047 | Vaults:4 | Reached skill level 15 in Earth Magic
 52734 | Lair:4   | Killed GrimJard's ghost
 53097 | Crypt:1  | Entered Level 1 of the Crypt
 53524 | Crypt:1  | Reached skill level 18 in Fighting
 55560 | Crypt:2  | Identified the +9 flail "Casoek" {heavy, rElec}
 55565 | Crypt:2  | Identified the ring "Juthyod" {rElec rN+ Str+3 Int-4 SInv}
 56291 | Crypt:3  | Entered Level 3 of the Crypt
 56482 | Crypt:3  | Reached skill level 19 in Fighting
 57114 | Crypt:3  | Gained mutation: You are resistant to unholy torment.
                  | [demonic ancestry]
 57114 | Crypt:3  | Reached XP level 23. HP: 207/207 MP: 36/45
 57248 | Crypt:3  | Found a basalt altar of Yredelemnul.
 57381 | Crypt:3  | Found a staircase to the Tomb.
 57537 | Crypt:3  | Found the +6 Majin-Bo {spellvamp, MP+6 Int+6}
 57752 | Crypt:3  | Noticed Bai Suzhen
 57754 | Crypt:3  | Identified the +4 scale mail of the Evil One {Rampage rElec
                  | rPois rC-}
 57757 | Crypt:3  | Identified the +7 glaive of the Seven Teeth {vamp, Drain
                  | rPois Int+2}
 57766 | Crypt:3  | Killed Bai Suzhen
 57779 | Crypt:3  | Found a basalt altar of Yredelemnul.
 57934 | Crypt:3  | Got the Grimoire of the Chill and Curses
 57983 | Crypt:3  | Noticed a royal mummy
 57984 | Crypt:3  | Noticed a royal mummy
 57984 | Crypt:3  | Noticed Khufu
 58273 | Crypt:3  | Learned a level 9 spell: Shatter
 58731 | Spider:1 | Noticed Donald
 58742 | Spider:1 | Killed Donald
 59633 | Spider:1 | Acquired 879 gold pieces
 60848 | Spider:2 | Reached skill level 20 in Fighting
 62136 | Spider:4 | Entered Level 4 of the Spider Nest
 62202 | Spider:4 | Found a frozen archway.
 62249 | IceCv    | Entered an ice cave
 62363 | IceCv    | Identified the +1 helmet of Supiahyck {Int+3}
 62732 | IceCv    | Identified the +5 ice dragon scales of Elyvilon, Scorching
                  | {Rampage rF- rC++}
 63616 | Spider:4 | Noticed Arachne
 63627 | Spider:4 | Reached XP level 24. HP: 219/219 MP: 36/46
 63631 | Spider:4 | Killed Arachne
 63649 | Spider:4 | Identified the +2 pair of gloves of the Dice {rC+ Will+
                  | MP+9 Int-3 Stlth+}
 63696 | Spider:4 | Got a gossamer rune of Zot
 64126 | Depths:1 | Entered Level 1 of the Depths
 64202 | Depths:1 | Found a shadowy altar of Dithmenos.
 64206 | Depths:1 | Found a one-way gateway to a ziggurat.
 64388 | Depths:1 | Found a gateway to Hell.
 64816 | Depths:1 | Found a basalt altar of Yredelemnul.
 64831 | Depths:1 | Reached skill level 21 in Fighting
 64950 | Depths:2 | Reached skill level 1 in Fire Magic
 65137 | Depths:2 | Identified the +1 ring mail of Reason {rPois rCorr}
 65600 | Depths:2 | Found a one-way gate leading to the halls of Pandemonium.
 65749 | Depths:2 | Found a one-way gate to the infinite horrors of the Abyss.
 65963 | Depths:2 | Identified the +4 steam dragon scales "Qunulol" {Rampage
                  | *Slow rN+++ SInv}
 65975 | Depths:2 | Noticed the Enchantress
 65986 | Depths:2 | Killed the Enchantress
 66418 | Depths:2 | Found a bloodstained altar of Trog.
 67167 | Depths:3 | Noticed a juggernaut
 67178 | Depths:3 | Killed a juggernaut
 67515 | Depths:3 | Gained mutation: You can hurl damnation. [demonic ancestry]
 67515 | Depths:3 | Reached XP level 25. HP: 144/230 MP: 31/47
 67520 | Depths:3 | Gained mutation: You are dopey. (Int -2) [mutagenic glow]
 67771 | Depths:3 | Noticed Mennas
 67781 | Depths:3 | Killed Mennas
 67954 | Depths:3 | Found an opulent altar of Gozag.
 68016 | Depths:4 | Entered Level 4 of the Depths
 68159 | Depths:4 | Found Niossan's Serpentskin Sales.
 68171 | Depths:4 | Found Woebum's Magic Scroll Emporium.
 68174 | Depths:4 | Bought a scroll of acquirement for 1040 gold pieces
 68174 | Depths:4 | Bought a scroll of fear for 80 gold pieces
 68174 | Depths:4 | Bought a scroll of fog for 80 gold pieces
 68174 | Depths:4 | Bought a scroll of butterflies for 80 gold pieces
 68174 | Depths:4 | Bought a scroll of fear for 80 gold pieces
 68174 | Depths:4 | Acquired the Essays on Undead Violence
 68424 | Depths:4 | Found a gate to the Realm of Zot.
 69085 | Vaults:5 | Entered Level 5 of the Vaults
 69093 | Vaults:5 | Reached skill level 22 in Fighting
 69095 | Vaults:5 | Reached skill level 5 in Fire Magic
 69423 | Vaults:5 | Noticed a dread lich
 69426 | Vaults:5 | Noticed an ancient lich
 69428 | Vaults:5 | Killed a dread lich
 69428 | Vaults:5 | Killed an ancient lich
 69537 | Vaults:5 | Gained mutation: Your spells are a little harder to cast,
                  | but a little more powerful. [a shining eye]
 69541 | Vaults:5 | Reached XP level 26. HP: 240/240 MP: 38/47
 69565 | Vaults:4 | Killed from afar by a golden dragon

Illustrated notes

Levels and vault maps discovered:
D:1:      dpeg_arrival_signposts, layout_basic, chequers_ecumenical_altar_grove
D:2:      layout_rooms, serial_shops, shop_statue, minmay_misc_feat_diagonals
D:3:      layout_loops_ring
D:4:      layout_loops_corners, serial_glass, glass_columns_b, glass_columns_b,
          minmay_strange_pillars, serial_shops, shop, uniq_robin,
          uniq_crazy_yiuf_cottage
D:5:      layout_rooms, xom_teletrap_fun, minmay_temple_entry_slanted
D:6:      layout_loops_corners, nicolae_qazlal_beasts_of_the_sky,
          lemuel_tele_altar, uniq_grinder
D:7:      layout_basic, mainiacjoe_overflow_divided_tiny, serial_demonic,
          serial_demonic_b, serial_demonic_b, serial_demonic_b,
          serial_demonic_a, serial_demonic_b, serial_demonic_c, serial_shops,
          shop, enter_bailey_4
D:8:      layout_loops_ring
D:9:      layout_small_grid, minmay_orc_entry_temple_small, uniq_joseph
D:10:     layout_stronghold, minmay_misc_feat_enclosed, uniq_fannar, uniq_snorg
D:11:     layout_grid_maze, lair_entry_dummy, serial_shops,
          nicolae_shop_tiny_waterfront, lemuel_old_faithful, uniq_grum
D:12:     layout_basic
D:13:     layout_cave_pods, skrybe_vaults_entry_preservation,
          ebering_ghost_gozag, okawaru_gym_becter
D:14:     layout_roguey, nicolae_uskayaw_dance_hall
D:15:     hangedman_depths_entry_try_elsewhere_first, layout_basic,
          serial_park_gazebo [serial_park_minivault_5x5_6]
Temple:   bh_familiar_temple
Lair:1:   layout_hall_layers, special_room [special_room_bee]
Lair:2:   layout_concentric_octagons, beast_lair_carwin_6, lemuel_fruit_tree,
          infiniplex_staircase_pool, grunt_megastairs_4
Lair:3:   layout_hall_layers, minmay_swamp_entry_reptiles,
          hellmonk_spider_entry_not_the_bees, gammafunk_ghost_necromancy,
          uniq_gastronok
Lair:4:   layout_cave_pods, slime_entry_1, hellmonk_ghost_happy_afterlife,
          serial_bayou_shore_a
Lair:5:   guppyfry_lair_end_dragon, layout_loops_ring, serial_bayou_shore_b,
          serial_bayou_shore_b
Swamp:1:  layout_falls_marsh, evilmike_swamp_ruin_wall, swamp_pool4,
          nicolae_swamp_small_spring
Swamp:2:  layout_falls_marsh, evilmike_swamp_ruin_house_5,
          infiniplex_staircase_pool_2
Swamp:3:  nzn_winding_woodlands_small [nzn_winding_woodlands_5x15_split_checker,
          nzn_winding_woodlands_center_pierced_h,
          nzn_winding_woodlands_5x15_concentric], layout_basic_swamp,
          serial_swamp_ruin, evilmike_swamp_ruin_rubble_1,
          evilmike_swamp_ruin_house_6, evilmike_swamp_ruin_house_1
Swamp:4:  swamp, layout_basic_swamp
Spider:1: mumra_spider_spiderweb, nicolae_spider_scorpion_nest, uniq_donald
Spider:2: layout_chambers, spiders_nest_spider_trap
Spider:3: layout_chambers, special_room
Spider:4: spider_rune_water, portal_ice_cave_entry_ugly_swarm,
          guppyfry_spider_mini_2, uniq_arachne
Orc:1:    layout_caves, nicolae_orc_lost_temple
Orc:2:    st_orc_pillars, layout_caves, dreamdust_deal_with_the_devil
Elf:1:    elf_arrival_001, layout_loops_cross,
          hangedman_elven_crosses_minicolossus, serial_sigils_hangedman_confine
Elf:2:    nicolae_elf_blades_splatter_lattice
          [nicolae_blade_entry_area_security], layout_loops_cross, basic_altar,
          small_chamber_with_monster, nicolae_elevator_lobby_asterisk
Elf:3:    elf_hall, layout_gridlike, serial_shops, shop, uniq_roxanne
Vaults:1: nicolae_vaults_oval_intersection, nicolae_vaults_ellipses_ellipsis,
          ontoclasm_vaults_ring_square, nicolae_vaults_closet_pinwheel_4,
          hangedman_vaults_trim, vaults_room_stairs_pillars,
          nicolae_vaults_shock_wave, grunt_vaults_focal,
          nicolae_vaults_diamond_2, nicolae_vaults_wine_cellar,
          layout_vaults_chaotic_city, serial_shops, nicolae_shop_peninsula,
          uniq_asterion
Vaults:2: nicolae_vaults_tangram_1, ontoclasm_vaults_loading_screen,
          hangedman_vaults_capsules, st_squares,
          nicolae_vaults_little_squares_3, minmay_crypt_entry_simple_walls,
          v_alt_pattern_4, nicolae_vaults_doubleplus_tesselated,
          vaults_dpeg_encased_lava, nicolae_vaults_asterisk,
          nicolae_vaults_trapezoid_3, nicolae_vaults_variable_pillar_hall,
          vaults_room_hallway, nicolae_vaults_house_1,
          nicolae_vaults_sealed_display, hangedman_vaults_restitches,
          layout_vaults_ring
Vaults:3: nicolae_vaults_border_crossing, grunt_vaults_twisty,
          nicolae_vaults_three_branches, v_alt_pattern_6, nicolae_vaults_theta,
          nicolae_vaults_trapezoid_1, grunt_vaults_swirl, v_misc_16, v_misc_11,
          hangedman_vaults_impose, nicolae_vaults_storage_room_statues,
          layout_vaults_omnibox
Vaults:4: nicolae_vaults_network_s, vaults_room_door_ring, v_misc_26,
          nicolae_vaults_trapezoid_lopsided_1, nicolae_vaults_know_your_exits,
          nicolae_vaults_layer_cake_slice, nicolae_vaults_little_squares_2,
          nicolae_vaults_trapezoid_lopsided_1, layout_vaults_quadrants,
          uniq_zenata
Vaults:5: serial_shops
Crypt:1:  layout_chaotic_city
Crypt:2:  nicolae_crypt_knochenhaus, layout_gridlike,
          nicolae_crypt_crumbling_hall
Crypt:3:  church_of_pain_bobbens, layout_chaotic_city,
          tomb_entry_simple_bobbens, basic_altar, uniq_bai_suzhen, uniq_khufu
Depths:1: layout_long_grid, ziggurat_fallback, grunt_hell_entry_dis_grunt,
          nicolae_dithmenos_the_darkroom, st_stairs_9, hex_large,
          grunt_decor_resistance, ebering_dispersal_statue_hall,
          hangedman_blasphemy
Depths:2: spriggan_forest, pan_entry, abyss_entry, hell_entry
Depths:3: minmay_the_grid_net [minmay_the_grid_gridbox,
          minmay_the_grid_zigzag_pyramid, minmay_the_grid_square_x,
          minmay_the_grid_tree, minmay_the_grid_slots,
          minmay_the_grid_prize_four_corners], layout_cross,
          serial_column_ruins, column_ruins_pillar_4, column_ruins_pillar_1,
          column_ruins_pillar_4, column_ruins_pillar_4, column_ruins_pillar_4,
          column_ruins_pillar_2, column_ruins_pillar_5, column_ruins_pillar_6,
          column_ruins_pillar_8, column_ruins_pillar_3, column_ruins_pillar_4,
          column_ruins_pillar_6, column_ruins_pillar_1, column_ruins_pillar_2,
          column_ruins_pillar_1, column_ruins_portal_squares, abyss_entry,
          hell_entry, rand_demon_pan_entry_8,
          nicolae_gozag_cash_rules_everything_around_me, uniq_mennas
Depths:4: grunt_crosshair, layout_cave_pools, minmay_misc_feat_tower,
          serial_shops, nicolae_shop_tiny_real_fake_doors, hell_entry,
          abyss_entry, guppyfry_shop_venom

Skill      XL: |  1  2  3  4  5  6  7  8  9 10 11 12 13 14 15 16 17 18 19 20 21 22 23 24 25 |
---------------+----------------------------------------------------------------------------+-----
Fighting       | 1 2 3 5 7 8 9 10 12 13 14 15 16 17 19 20 21 22 | 22.3
Earth Magic    | 3 4 5 7 8 9 10 11 12 13 14 16 17 18 19 | 19.5
Conjurations   | 1 2 3 4 6 7 8 9 10 11 12 | 12.0
Armour         | 1 2 3 4 6 7 8 9 10 11 12 | 12.0
Spellcasting   | 3 4 5 6 7 8 9 10 12 13 14 15 16 18 19 20 | 20.9
Transmutations | 2 3 4 6 |  6.0
Dodging        | 3 |  3.0
Stealth        | 3 |  3.0
Evocations     | 3 4 6 |  6.0
Poison Magic   | 2 3 |  3.0
Air Magic      | 1 3 |  3.0
Shields        | 1 4 7 9 10 11 12 13 14 | 14.8
Polearms       | 2 3 |  3.0
Translocations | 3 |  3.0
Ice Magic      | 2 3 |  3.0
Axes           | 1 2 |  2.2
Necromancy     | 1 4 6 7 |  7.9
Long Blades    | 3 |  3.0
Fire Magic     | 3 7 |  7.4

Action                     |  1- 3 |  4- 6 |  7- 9 | 10-12 | 13-15 | 16-18 | 19-21 | 22-24 | 25-27 || total
---------------------------+-------+-------+-------+-------+-------+-------+-------+-------+-------++-------
  Melee: Spear             |    34 |    19 |       |       |       |       |       |       |       ||    53
         Whip              |       |    51 |    23 |     5 |       |       |       |       |       ||    79
         Punch             |       |     1 |       |       |       |       |       |       |       ||     1
         Trident           |       |       |       |   159 |   384 |   101 |       |       |       ||   644
         War axe           |       |       |       |       |     6 |       |       |       |       ||     6
         Broad axe         |       |       |       |       |    97 |       |       |       |       ||    97
         Kick              |       |       |       |       |       |    41 |    99 |   198 |    27 ||   365
         Long sword        |       |       |       |       |       |       |   150 |   321 |    36 ||   507
         Demon blade       |       |       |       |       |       |       |     1 |       |       ||     1
   Cast: Sandblast         |    51 |    67 |    61 |    76 |    59 |    32 |     1 |       |       ||   347
         Stone Arrow       |       |    12 |   102 |   275 |   382 |   240 |    18 |    20 |     4 ||  1053
         Passwall          |       |       |     2 |       |     8 |     6 |     2 |     4 |       ||    22
         Mephitic Cloud    |       |       |       |    58 |   133 |    38 |    35 |    28 |     4 ||   296
         Iskenderun's Myst |       |       |       |       |    33 |    27 |    44 |    57 |     8 ||   169
         Lee's Rapid Decon |       |       |       |       |     1 |    28 |     1 |   131 |     1 ||   162
         Inner Flame       |       |       |       |       |     1 |       |       |       |       ||     1
         Freezing Cloud    |       |       |       |       |    37 |    70 |    51 |    48 |     5 ||   211
         Leda's Unmaking   |       |       |       |       |    44 |    76 |   184 |   471 |    82 ||   857
         Borgnjor's Vile C |       |       |       |       |       |       |   188 |   434 |    75 ||   697
         Swiftness         |       |       |       |       |       |       |     3 |     7 |     3 ||    13
         Statue Form       |       |       |       |       |       |       |       |    64 |     9 ||    73
         Shatter           |       |       |       |       |       |       |       |    18 |    26 ||    44
Ability: End Transformatio |       |       |       |       |       |       |       |     7 |     2 ||     9
  Evoke: Wand              |       |       |     1 |       |    11 |    14 |       |     2 |     3 ||    31
         Box of beasts     |       |       |     1 |       |       |       |       |       |       ||     1
         Phial of floods   |       |       |       |       |       |     1 |       |       |       ||     1
    Use: Scroll            |       |     1 |     4 |    14 |    27 |    12 |     6 |     9 |     4 ||    77
         Potion            |       |       |     3 |     1 |    15 |    13 |     7 |     3 |       ||    42
   Stab: Sleeping          |     1 |     2 |       |     2 |     4 |       |     2 |     6 |       ||    17
         Confused          |       |       |       |    14 |    27 |     6 |     1 |     3 |       ||    51
         Petrified         |       |       |       |     6 |       |       |       |       |       ||     6
         Distracted        |       |       |       |       |       |       |       |     1 |       ||     1
 Armour: Robe              |     7 |       |       |     7 |       |       |       |       |       ||    14
         Leather armour    |     7 |    53 |    60 |   179 |   210 |       |       |       |       ||   509
         Ring mail         |       |       |       |       |    59 |   172 |   160 |   162 |    30 ||   583
         Skin              |       |       |       |       |       |       |       |   909 |   282 ||  1191
  Dodge: Dodged            |    44 |    66 |    72 |   166 |   269 |   134 |   156 |   698 |   195 ||  1800
         Repelled          |       |       |       |       |       |       |       |     5 |     7 ||    12
  Block: Kite shield       |       |       |       |   177 |   384 |   197 |   252 |  1082 |   300 ||  2392
         Reflection        |       |       |       |       |       |       |       |     6 |    14 ||    20

Table legend: (Time is in decaauts)
 A = Elapsed time spent in this place.
 B = Non-inter-level travel time spent in this place.
 C = Inter-level travel time spent in this place.
 D = Time resting spent in this place.
 E = Time spent auto-exploring this place.
 F = Levels seen in this place.
 G = Mean time per level.
                   A        B        C        D        E       F      G
               +--------+--------+--------+--------+--------+-----+--------+
         Total |  72327 |  67057 |   5270 |  13647 |  39523 |  48 | 1506.8 |
       Dungeon |  20247 |  18193 |   2054 |   2868 |  12544 |  15 | 1349.8 |
        Temple |    206 |    170 |     36 |      0 |    166 |   1 |  206.0 |
          Lair |   9392 |   8536 |    856 |   1505 |   5592 |   5 | 1878.4 |
         Swamp |   7824 |   7588 |    236 |   3028 |   3082 |   4 | 1956.0 |
   Spider Nest |   5160 |   4981 |    179 |     36 |   3717 |   4 | 1290.0 |
  Orcish Mines |   2536 |   2310 |    226 |    576 |   1033 |   2 | 1268.0 |
   Elven Halls |   5932 |   5475 |    457 |   1826 |   2432 |   3 | 1977.3 |
        Vaults |   9130 |   8387 |    743 |   1794 |   5021 |   5 | 1826.0 |
         Crypt |   5322 |   5067 |    255 |   1124 |   2478 |   3 | 1774.0 |
        Depths |   5070 |   4845 |    225 |    572 |   2982 |   4 | 1267.5 |
        Bailey |    586 |    586 |      0 |    270 |      0 |   1 |  586.0 |
      Ice Cave |    917 |    917 |      0 |     47 |    473 |   1 |  917.0 |
               +--------+--------+--------+--------+--------+-----+--------+

Top non-repeatable levels by time:
Vaults:2: 2941 daAuts
 Swamp:3: 2851 daAuts
   Elf:2: 2648 daAuts
    D:13: 2647 daAuts
 Crypt:2: 2585 daAuts
  Lair:3: 2445 daAuts
Depths:2: 2329 daAuts
Vaults:4: 2316 daAuts
 Swamp:2: 1999 daAuts
Vaults:1: 1998 daAuts
  Lair:1: 1890 daAuts
 Crypt:3: 1844 daAuts
Vaults:3: 1789 daAuts
  Lair:4: 1777 daAuts
     D:4: 1753 daAuts
